 Dungeon Crawl Stone Soup version 0.23.2-40-g277498a001 (webtiles) character file.

Game seed: 224954487825067364

7031 Frank2 the Cleaver (level 10, -16/81 HPs)
             Began as a Demigod Gladiator on Sept 8, 2019.
             Demolished by a two-headed ogre
             ... wielding a +0 giant club
              (17 damage)
             ... on level 10 of the Dungeon.
             The game lasted 00:12:24 (7595 turns).

Frank2 the Cleaver (Demigod Gladiator)              Turns: 7595, Time: 00:12:25

Health: -16/81     AC: 14    Str: 17    XL:     10   Next: 53%
Magic:  17/17      EV: 13    Int: 12    God:
Gold:   598        SH:  0    Dex: 23    Spells: 9/9 levels left

rFire    . . .     SeeInvis .   q - +1 battleaxe (elec)
rCold    . . .     Gourm    .   (shield currently unavailable)
rNeg     . . .     Faith    .   w - +0 scale mail
rPois    .         Spirit   .   c - +1 helmet
rElec    .         Reflect  .   C - +0 cloak
rCorr    +         Harm     .   g - +0 pair of gloves
MR       +....                  r - +0 pair of boots
Stlth    +.........             b - amulet of regeneration
HPRegen  0.63/turn              z - ring of flight
MPRegen  0.15/turn              t - ring of resist corrosion

@: no status effects
A: high mp 1
a: Evoke Flight


You were on level 10 of the Dungeon.
You were not hungry.

You visited 1 branch of the dungeon, and saw 10 of its levels.

You collected 598 gold pieces.

Inventory:

Hand Weapons
 q - a +1 battleaxe of electrocution (weapon)
Missiles
 d - a throwing net (quivered)
Armour
 c - a +1 helmet (worn)
 g - a +0 pair of gloves (worn)
 r - a +0 pair of boots (worn)
 w - a +0 scale mail (worn)
 C - a +0 cloak (worn)
Jewellery
 b - an amulet of regeneration (around neck)
 j - an uncursed amulet of guardian spirit
 t - a ring of resist corrosion (right hand)
 z - a ring of flight (left hand)
Wands
 e - a wand of acid (3)
 s - a wand of polymorph (7)
 u - a wand of digging (1)
Scrolls
 a - 2 scrolls of magic mapping
 l - 2 scrolls of amnesia
 y - a scroll of fear
 A - 4 scrolls of remove curse
Potions
 h - a potion of agility
 i - a potion of berserk rage {unknown}
 k - 4 potions of lignification
 n - a potion of cancellation {unknown}
 o - a potion of invisibility {unknown}
 p - a potion of heal wounds {unknown}
 v - a potion of haste
 B - a potion of ambrosia {unknown}
Comestibles
 f - 22 rations
 m - a chunk of flesh


   Skills:
 + Level 5.4 Fighting
 + Level 9.9 Axes
 - Level 1.7 Throwing
 * Level 8.3 Armour
 + Level 5.1 Dodging
 * Level 5.1 Evocations


You had 9 spell levels left.
You didn't know any spells.
Your spell library contained the following spells:

 Spells                   Type           Power        Failure   Level  Hunger
 Corona                   Hex            #......      67%         1    ##.....
 Ensorcelled Hibernation  Hex/Ice        #.....       80%         2    ###....
 Confuse                  Hex            #.......     95%         3    ####...
 Dazzling Spray           Conj/Hex       #.....       95%         3    ####...
 Tukima's Dance           Hex            #.......     95%         3    ####...


Dungeon Overview and Level Annotations

Branches:
Dungeon (10/15)            Temple (0/1) D:6            Lair (0/6) D:10
    Orc (0/2) D:10

Shops:
D:8 }


Innate Abilities, Weirdness & Mutations

You have an increased reservoir of magic. (+10% MP)


Message History

The two-headed ogre struggles against the net.
The net rips apart, and the two-headed ogre comes free!
Unknown command.
You slash the two-headed ogre!
The two-headed ogre is almost dead.
The two-headed ogre misses you.
The two-headed ogre hits you with a +0 giant spiked club!
* * * LOW HITPOINT WARNING * * *
Unknown command.
You hit the two-headed ogre but do no damage.
The two-headed ogre is almost dead.
The two-headed ogre closely misses you.
The two-headed ogre hits you with a +0 giant spiked club!!
* * * LOW HITPOINT WARNING * * *
Unknown command.
Okay, then.
You hit the two-headed ogre but do no damage.
The two-headed ogre is almost dead.
The two-headed ogre hits you with a +0 giant club!
You die...

#...........#
#...........#
#...........#
#...........#
#...........#
#...........#
#....O))....#
#....)@.....# .
#.........(.#
#..####...........#
#.................#
#####.................#
P..##..####...........#
.PP.....# #...........#
P.P..P..###...........#
.PPP....P##...........#


You could see a two-headed ogre.

Vanquished Creatures
  A two-headed ogre (D:8)
  A merfolk (D:9)
  A queen bee (D:10)
  Prince Ribbit (D:7)
  2 hippogriffs
  A yak (D:10)
  A hungry ghost (D:9)
  Menkaure (D:5)
  A water moccasin (D:8)
  An orc warrior (D:6)
  5 porcupines (D:10)
  A phantom (D:4)
  3 sky beasts
  A black bear (D:7)
  A necrophage (D:8)
  3 ogres
  A centaur (D:7)
  A crocodile (D:10)
  A big kobold (D:8)
  4 bullfrogs
  A water moccasin zombie (D:10)
  2 scorpions
  A water moccasin skeleton (D:8)
  A wyvern skeleton (D:9)
  31 killer bees
  10 wights
  2 howler monkeys
  2 bullfrog zombies
  A quasit (D:10)
  A jelly (D:7)
  Crazy Yiuf (D:7)
  A centaur zombie (D:8)
  3 hounds
  An orc priest (D:10)
  A bullfrog skeleton (D:9)
  2 iguanas
  3 worker ants
  10 orc wizards
  A hound zombie (D:10)
  13 adders
  2 shadow imps
  An ooze (D:6)
  An adder zombie (D:9)
  2 leopard geckos
  23 orcs
  2 giant cockroaches (D:4)
  4 goblins
  8 hobgoblins
  14 jackals
  9 kobolds
  9 quokkas
  A ball python (D:8)
  12 bats
  5 frilled lizards
  2 leopard gecko skeletons
  7 rats
  A bush (D:1)
  5 fungi (D:10)
  5 plants
233 creatures vanquished.

Vanquished Creatures (others)
  12 fungi (D:10)
  2 plants (D:10)
14 creatures vanquished.

Grand Total: 247 creatures vanquished

Notes
Turn   | Place    | Note
-------+----------+-------------------------------------------
     0 | D:1      | Frank2 the Demigod Gladiator began the quest for the Orb.
     0 | D:1      | Reached XP level 1. HP: 17/17 MP: 3/3
   186 | D:1      | Reached XP level 2. HP: 12/24 MP: 4/4
   197 | D:1      | Reached skill level 3 in Axes
   398 | D:1      | Found a shattered altar of Ashenzari.
  1030 | D:2      | Reached skill level 1 in Armour
  1030 | D:2      | Reached XP level 3. HP: 11/29 MP: 5/5
  2026 | D:3      | Reached XP level 4. HP: 28/36 MP: 6/6
  2456 | D:4      | Reached skill level 4 in Axes
  2509 | D:4      | Found a hazy altar of Hepliaklqana.
  2615 | D:4      | Reached XP level 5. HP: 30/42 MP: 4/7
  2623 | D:4      | Noticed a phantom
  2651 | D:4      | Killed a phantom
  2769 | D:4      | Noticed an ogre
  2781 | D:4      | Killed an ogre
  2781 | D:4      | Reached XP level 6. HP: 42/50 MP: 6/8
  2831 | D:4      | Got a fine hand axe
  2916 | D:4      | Identified the +6 hand axe "Kuachajo" {elec, Int+5} (You
                  | found it on level 4 of the Dungeon)
  2948 | D:5      | Entered Level 5 of the Dungeon
  2972 | D:5      | Noticed Menkaure
  2977 | D:5      | Killed Menkaure
  2977 | D:5      | Reached skill level 5 in Axes
  3435 | D:5      | Found a glowing silver altar of Zin.
  3608 | D:6      | Reached XP level 7. HP: 21/57 MP: 3/9
  4534 | D:6      | Found a staircase to the Ecumenical Temple.
  4717 | D:7      | Reached skill level 6 in Axes
  4743 | D:7      | Reached skill level 1 in Evocations
  4761 | D:7      | Reached XP level 8. HP: 19/63 MP: 11/11
  4861 | D:7      | Reached skill level 5 in Armour
  5000 | D:7      | Noticed Prince Ribbit
  5010 | D:7      | Killed Prince Ribbit
  5016 | D:7      | Found a runed translucent door.
  5017 | D:7      | Noticed Crazy Yiuf
  5440 | D:7      | Killed Crazy Yiuf
  5622 | D:8      | Reached skill level 7 in Axes
  5893 | D:8      | Noticed a two-headed ogre
  5902 | D:8      | Killed a two-headed ogre
  5902 | D:8      | Reached XP level 9. HP: 36/71 MP: 14/14
  6165 | D:8      | Found a hide-covered altar of Uskayaw.
  6168 | D:8      | Reached skill level 8 in Axes
  6169 | D:8      | Found an iron altar of Okawaru.
  6265 | D:8      | Found Rusod's Gadget Shoppe.
  7015 | D:10     | Entered Level 10 of the Dungeon
  7033 | D:10     | Reached skill level 9 in Axes
  7049 | D:10     | Found a staircase to the Orcish Mines.
  7104 | D:10     | Reached XP level 10. HP: 26/80 MP: 16/16
  7291 | D:10     | Reached skill level 5 in Fighting
  7341 | D:10     | HP: 3/81 [poisoned by a killer bee]
  7379 | D:10     | Reached skill level 5 in Dodging
  7528 | D:10     | Reached skill level 5 in Evocations
  7530 | D:10     | Found a staircase to the Lair.
  7582 | D:10     | Noticed a two-headed ogre
  7594 | D:10     | HP: 1/81 [two-headed ogre/+0 giant club (23)]
  7595 | D:10     | Demolished by a two-headed ogre

Skill      XL: |  1  2  3  4  5  6  7  8  9 10 |
---------------+-------------------------------+-----
Axes           | 3 4 5 6 7 9 |  9.9
Dodging        | 3 4 5 |  5.1
Armour         | 1 2 3 4 6 7 8 |  8.3
Fighting       | 2 3 4 5 |  5.4
Evocations     | 1 3 4 5 |  5.1
Throwing       | |  1.7

Action                   |  1- 3 |  4- 6 |  7- 9 | 10-12 || total
-------------------------+-------+-------+-------+-------++-------
Melee: War axe           |   176 |    96 |       |       ||   272
       Hand axe          |       |    48 |   102 |       ||   150
       Battleaxe         |       |       |   190 |   150 ||   340
Throw: Throwing net      |       |     1 |     1 |     1 ||     3
  Use: Scroll            |     3 |     9 |     6 |     1 ||    19
       Potion            |     1 |     1 |     2 |     4 ||     8
 Stab: Sleeping          |     2 |     2 |       |       ||     4
       Distracted        |     1 |       |       |       ||     1
       Held in net/web   |       |     2 |     1 |       ||     3
  Eat: Chunk             |     1 |     5 |     8 |     3 ||    17
       Ration            |     1 |       |     1 |       ||     2
Armor: Leather armour    |    52 |    31 |       |       ||    83
       Scale mail        |       |     5 |   155 |   103 ||   263
       Skin              |       |     2 |       |       ||     2
Dodge: Dodged            |   124 |   109 |   187 |   177 ||   597
